 Dungeon Crawl Stone Soup version 0.20.1-1-g8b1a95d (webtiles) character file.

410 theRoog the Chopper (level 6, -11/84 HPs)
             Began as a Minotaur Berserker on Aug 9, 2017.
             Was an Elder of Trog.
             Mangled by an orc warrior
             ... wielding a +4 halberd of venom
              (24 damage)
             ... on level 7 of the Dungeon.
             The game lasted 00:03:53 (2691 turns).

theRoog the Chopper (Minotaur Berserker)            Turns: 2691, Time: 00:03:55

Health: -11/84     AC:  8    Str: 29    XL:     6   Next: 58%
Magic:  5/5        EV: 11    Int:  4    God:    Trog [****..]
Gold:   215        SH:  3    Dex:  9    Spells: 5/5 levels left

rFire    . . .     SeeInvis .   t - +0 war axe
rCold    . . .     Gourm    .   (no shield)
rNeg     . . .     Faith    .   u - +0 scale mail
rPois    .         Spirit   .   (helmet restricted)
rElec    .         Reflect  +   (no cloak)
rCorr    .         Harm     .   (no gloves)
MR       .....                  x - +0 pair of boots
Stlth    ..........             i - +3 amulet of reflection
Regen    0.3/turn               g - ring of loudness (curse)
MPRegen  0.1/turn               l - ring of flight

@: berserking, lethally poisoned (-11 -> -21), marked, very quick
A: retaliatory headbutt, horns 2, blink, sense surroundings 1
a: Blink, Berserk, Trog's Hand, Brothers in Arms, Burn Spellbooks, Renounce
Religion, Evoke Flight


You were on level 7 of the Dungeon.
You worshipped Trog.
Trog was greatly pleased with you.
You were hungry.

You visited 1 branch of the dungeon, and saw 5 of its levels.

You collected 215 gold pieces.

Inventory:

Hand Weapons
 a - a +0 hand axe
 t - a +0 war axe (weapon)
 v - a +1 trident of holy wrath
Armour
 b - a +0 animal skin
 e - a +0 ring mail
 u - a +0 scale mail (worn)
 w - a +1 helmet
 x - a +0 pair of boots (worn)
Jewellery
 f - a cursed amulet of inaccuracy {unknown}
 g - a cursed ring of loudness (left hand)
 i - a +3 amulet of reflection (around neck)
 l - a ring of flight (right hand)
 m - an uncursed amulet of regeneration
Wands
 s - a wand of random effects (25/48)
 A - a wand of iceblast (7/15)
Scrolls
 o - a scroll of blinking {unknown}
 p - a scroll of magic mapping
 r - 2 scrolls of teleportation
 y - a scroll of identify
Potions
 h - a potion of resistance {unknown}
 j - 3 potions of lignification {unknown}
 k - 2 potions of curing {unknown}
 n - a potion of heal wounds
Comestibles
 c - 2 bread rations
 d - 6 fruits
 q - a meat ration
 z - a chunk of flesh


   Skills:
 + Level 5.1 Fighting
 + Level 6.8 Axes
 + Level 4.0 Armour
 + Level 3.2 Dodging
 + Level 0.6 Stealth


You had 5 spell levels left.
You didn't know any spells.

Dungeon Overview and Level Annotations

Branches:
Dungeon (4/15)             Temple (0/1) D:4

Altars:


Innate Abilities, Weirdness & Mutations

You reflexively headbutt those who attack you in melee.
You have a pair of horns on your head.
You can translocate small distances at will.
You passively map a small area around you.


Message History

You are too injured to fight recklessly!
Unknown command.
You are too injured to fight recklessly!
Unknown command.
A red film seems to cover your vision as you go berserk!
You feel yourself moving faster!
You feel mighty!
You are feeling hungry.
You feel sick.
You hear some strange, mumbled words.
Something tries to affect you, but you resist.
The orc warrior hits you from afar with a halberd of venom.
* * * LOW HITPOINT WARNING * * *
You are more poisoned.
You slash something! Trog accepts your kill.
You can now call in reinforcements.
Trog appreciates your killing of a magic user.
Reactivating autopickup.
You feel a bit more experienced.
You feel sick.
The orc warrior hits you from afar with a halberd of venom!!
You die...

* , , * ..# * #####..#
, , #......# *** , ,
#...... * * #....., ,
+.).o# *, , , #..[)# *
, * ,** #..@.#, * , *
#....#..# ####..).....#
#.......###.#
#)###.......
#######'###.#..... ,
.........##.####..#. ..
.........##.#***....##.
.........##.#. #.,....
* *


You could see an orc warrior.

Vanquished Creatures
  The ghost of shayl the Firebug, an amateur DrFE (D:3)
  A crimson imp (D:7)
  A quasit (D:7)
  Ijyb (D:3)
  An orc wizard (D:7)
  A worker ant (D:4)
  Robin (D:3)
  4 adders
  2 oozes
  4 worms
  3 leopard geckos
  16 orcs
  4 giant cockroaches
  11 goblins
  13 hobgoblins
  10 jackals (D:3)
  7 kobolds
  2 quokkas
  11 bats
  3 frilled lizards
  14 rats
  A fungus (D:1)
112 creatures vanquished.

Notes
Turn   | Place    | Note
-------+----------+-------------------------------------------
     0 | D:1      | theRoog the Minotaur Berserker began the quest for the Orb.
     0 | D:1      | Reached XP level 1. HP: 19/19 MP: 0/0
    44 | D:1      | Reached XP level 2. HP: 19/27 MP: 1/1
   107 | D:1      | Reached skill level 4 in Axes
   506 | D:1      | Reached XP level 3. HP: 32/33 MP: 2/2
   603 | D:2      | Reached ** piety under Trog
   954 | D:2      | Reached XP level 4. HP: 32/41 MP: 3/3
  1174 | D:3      | Noticed Ijyb
  1175 | D:3      | Noticed shayl's ghost (amateur DrFE)
  1181 | D:3      | Reached skill level 5 in Axes
  1187 | D:3      | Killed Ijyb
  1196 | D:3      | Killed shayl's ghost
  1196 | D:3      | Reached XP level 5. HP: 38/47 MP: 4/4
  1534 | D:3      | Gained mutation: You passively map a small area around you. [potion of mutation]
  1534 | D:3      | Gained mutation: You can translocate small distances at will. [potion of mutation]
  1772 | D:3      | Reached *** piety under Trog
  2045 | D:3      | Reached skill level 5 in Fighting
  2172 | D:3      | Reached skill level 6 in Axes
  2197 | D:3      | Noticed Robin
  2205 | D:3      | Reached XP level 6. HP: 37/56 MP: 5/5
  2207 | D:3      | Killed Robin
  2435 | D:4      | Found a staircase to the Ecumenical Temple.
  2586 | D:4      | You fall through a shaft for 3 floors!
  2683 | D:7      | Noticed an orc warrior
  2691 | D:7      | Reached **** piety under Trog
  2691 | D:7      | Mangled by an orc warrior

Skill      XL: |  1  2  3  4  5  6 |
---------------+-------------------+-----
Axes           | 4 5 6 |  6.8
Fighting       | 4 5 |  5.1
Armour         | 3 4 |  4.0
Dodging        | 3 |  3.2
Stealth        | |  0.6

Action                   |  1- 3 |  4- 6 || total
-------------------------+-------+-------++-------
Melee: Hand axe          |    98 |   101 ||   199
       Headbutt          |    16 |    16 ||    32
       War axe           |       |    35 ||    35
Invok: Berserk           |       |     2 ||     2
  Use: Scroll            |       |     5 ||     5
       Potion            |       |     1 ||     1
  Eat: Meat ration       |       |     1 ||     1
       Chunk             |       |     2 ||     2
Armor: Animal skin       |     2 |       ||     2
       Ring mail         |    19 |     6 ||    25
       Scale mail        |       |    45 ||    45
Dodge: Dodged            |    54 |    99 ||   153
Block: Other             |     8 |    21 ||    29
       Reflection        |     1 |       ||     1
